3AA
MYRTLE BEACH MERMEN @ SAN BERNARDINO GRASSHOPPERS
08/17/2027
 
TOP OF THE 1ST
Myrtle Beach Mermen batting - Pitching for San Bernardino Grasshoppers : RHP Juan Hernández
Pitching: RHP Juan Hernández
Batting: RHB Sergio Pérez 0-0: Called Strike
0-1: Ball
1-1: Ball
2-1: Foul Ball, location: 2F
2-2: Strikes out swinging
Batting: RHB Maikel Cobblepot 0-0: SINGLE (Line Drive, 56)
Batting: LHB Juan Villanueva 0-0: Ball
1-0: Called Strike
1-1: Foul Ball, location: 2F
1-2: Grounds into double play, 6-4-3 (Groundball, 6)
Top of the 1st over - 0 run(s), 1 hit(s), 0 error(s), 0 left on base; Myrtle Beach 0 - San Bernardino 0
BOTTOM OF THE 1ST
San Bernardino Grasshoppers batting - Pitching for Myrtle Beach Mermen : RHP José López
Pitching: RHP José López
Batting: RHB Jorge Estrada 0-0: Fly out, F9 (Flyball, 9)
Batting: RHB Alwin Vreekamp 0-0: Called Strike
0-1: Foul Ball, location: 2F
0-2: Strikes out swinging
Batting: RHB Jaime López 0-0: Foul Ball, location: 2F
0-1: Swinging Strike
0-2: Foul Ball, location: 2F
0-2: Foul Ball, location: 2F
0-2: Ground out 5-3 (Groundball, 5)
Bottom of the 1st over - 0 run(s), 0 hit(s), 0 error(s), 0 left on base; Myrtle Beach 0 - San Bernardino 0
TOP OF THE 2ND
Myrtle Beach Mermen batting - Pitching for San Bernardino Grasshoppers : RHP Juan Hernández
Batting: RHB Maik Palen 0-0: Swinging Strike
0-1: Foul Ball, location: 2F
0-2: Ball
1-2: Ball
2-2: Ground out 6-3 (Groundball, 6M)
Batting: LHB Alexis Raimbault 0-0: Ball
1-0: Called Strike
1-1: Ball
2-1: Ball
3-1: Called Strike
3-2: Foul Ball, location: 2F
3-2: Base on Balls
Batting: LHB Philip Strickland 0-0: Ball
1-0: Ball
2-0: Called Strike
2-1: Foul Ball, location: 2F
2-2: SINGLE (Groundball, 4D)
Alexis Raimbault to second
Runner from 2nd tries for 3rd, SAFE, no throw
Batting: RHB Fernando Martínez 0-0: Ball
1-0: Foul Ball, location: 2F
1-1: Grounds into double play, 6-4-3 (Groundball, 6)
Top of the 2nd over - 0 run(s), 1 hit(s), 0 error(s), 1 left on base; Myrtle Beach 0 - San Bernardino 0
BOTTOM OF THE 2ND
San Bernardino Grasshoppers batting - Pitching for Myrtle Beach Mermen : RHP José López
Batting: RHB Edgardo Bello 0-0: Called Strike
0-1: Ball
1-1: Foul Ball, location: 2F
1-2: Ball
2-2: Strikes out swinging
Batting: RHB Martín Placido 0-0: SINGLE (Line Drive, 56)
Batting: LHB Jesús Reyes 0-0: Called Strike
0-1: Foul Ball, location: 2F
0-2: SINGLE (Groundball, 4MD)
Martín Placido to second
Runner from 2nd tries for 3rd, SAFE, no throw
Batting: RHB Jorge Durán 0-0: Ball
1-0: Fly out, F5 (Line Drive, 5)
Batting: SHB Noel King 0-0: Called Strike
0-1: Ball
1-1: Swinging Strike
1-2: Ball
2-2: Fielders Choice at 2nd, 4-6 (Groundball, 4)
Bottom of the 2nd over - 0 run(s), 2 hit(s), 0 error(s), 1 left on base; Myrtle Beach 0 - San Bernardino 0
TOP OF THE 3RD
Myrtle Beach Mermen batting - Pitching for San Bernardino Grasshoppers : RHP Juan Hernández
Batting: RHB Sal Haynes 0-0: Called Strike
0-1: Ball
1-1: Foul Ball, location: 2F
1-2: Fly out, F8 (Flyball, 8RM)
Batting: SHB David Vázquez 0-0: Called Strike
0-1: Ball
1-1: Fly out, F9 (Flyball, 9D)
Batting: RHB Sergio Pérez 0-0: Called Strike
0-1: Ground out 5-3 (Groundball, 25)
Top of the 3rd over - 0 run(s), 0 hit(s), 0 error(s), 0 left on base; Myrtle Beach 0 - San Bernardino 0
BOTTOM OF THE 3RD
San Bernardino Grasshoppers batting - Pitching for Myrtle Beach Mermen : RHP José López
Batting: RHB Francisco Rodríguez 0-0: Ball
1-0: Foul Ball, location: 2F
1-1: Swinging Strike
1-2: Strikes out swinging
Batting: RHB Jorge Estrada 0-0: Foul Ball, location: 2F
0-1: Ball
1-1: Foul Ball, location: 2F
1-2: Ball
2-2: Foul Ball, location: 2F
2-2: Foul Ball, location: 2F
2-2: Foul Ball, location: 2F
2-2: Ground out 1-3 (Groundball, 13)
Batting: RHB Alwin Vreekamp 0-0: Ball
1-0: DOUBLE (Flyball, 89M)
Batting: RHB Jaime López 0-0: Foul Ball, location: 2F
0-1: Ground out 6-3 (Groundball, 6)
Bottom of the 3rd over - 0 run(s), 1 hit(s), 0 error(s), 1 left on base; Myrtle Beach 0 - San Bernardino 0
TOP OF THE 4TH
Myrtle Beach Mermen batting - Pitching for San Bernardino Grasshoppers : RHP Juan Hernández
Batting: RHB Maikel Cobblepot 0-0: Ball
1-0: Bunt for hit - play at first, batter OUT! 2-3
Batting: LHB Juan Villanueva 0-0: Ball
1-0: Ball
2-0: Called Strike
2-1: Ball
3-1: Base on Balls
Batting: RHB Maik Palen 0-0: Ball
1-0: Ball
2-0: Called Strike
2-1: Called Strike
2-2: SINGLE (Groundball, 4MD)
Juan Villanueva to second
Runner from 2nd tries for 3rd, SAFE, no throw
Batting: LHB Alexis Raimbault 0-0: Foul Ball, location: 2F
0-1: Called Strike
0-2: Ground out 5-3 (Groundball, 56S)
Juan Villanueva scores
Maik Palen to second
Batting: LHB Philip Strickland 0-0: Called Strike
0-1: Swinging Strike
0-2: Ball
1-2: Ball
2-2: Ball
3-2: Base on Balls
Batting: RHB Fernando Martínez 0-0: Ball
1-0: Ball
2-0: Fielders Choice at 2nd, 6-4 (Groundball, 6)
Top of the 4th over - 1 run(s), 1 hit(s), 0 error(s), 1 left on base; Myrtle Beach 1 - San Bernardino 0
BOTTOM OF THE 4TH
San Bernardino Grasshoppers batting - Pitching for Myrtle Beach Mermen : RHP José López
Batting: RHB Edgardo Bello 0-0: Ball
1-0: Foul Ball, location: 2F
1-1: Foul Ball, location: 2F
1-2: Ball
2-2: Strikes out looking
Batting: RHB Martín Placido 0-0: Ball
1-0: Ball
2-0: Called Strike
2-1: Foul Ball, location: 2F
2-2: Fly out, F9 (Flyball, 89M)
Batting: LHB Jesús Reyes 0-0: Swinging Strike
0-1: Ball
1-1: Called Strike
1-2: Strikes out swinging
Bottom of the 4th over - 0 run(s), 0 hit(s), 0 error(s), 0 left on base; Myrtle Beach 1 - San Bernardino 0
TOP OF THE 5TH
Myrtle Beach Mermen batting - Pitching for San Bernardino Grasshoppers : RHP Juan Hernández
Batting: RHB Sal Haynes 0-0: Ball
1-0: Ball
2-0: Foul Ball, location: 2F
2-1: Foul Ball, location: 2F
2-2: DOUBLE (Flyball, 9LM)
Batting: SHB David Vázquez 0-0: Foul Ball, location: 2F
0-1: Swinging Strike
0-2: Ball
1-2: Foul Ball, location: 2F
1-2: Foul Ball, location: 2F
1-2: DOUBLE (Flyball, 9)
Sal Haynes scores
Batting: RHB Sergio Pérez 0-0: Ball
1-0: Swinging Strike
1-1: Ball
2-1: Ball
3-1: Sac Bunt - play at first, batter OUT! 1-3
David Vázquez to third
Batting: RHB Maikel Cobblepot 0-0: Called Strike
0-1: Called Strike
0-2: Ball
1-2: Ball
2-2: Foul Ball, location: 2F
2-2: Foul Ball, location: 2F
2-2: SINGLE (Flyball, 8LS)
David Vázquez scores
Batting: LHB Juan Villanueva 0-0: Ball
Maikel Cobblepot steals 2nd base
1-0: Swinging Strike
1-1: Ball
2-1: Foul Ball, location: 2F
2-2: Ball
3-2: Base on Balls
Batting: RHB Maik Palen 0-0: Foul Ball, location: 2F
0-1: Called Strike
0-2: Strikes out swinging
Pitching: RHP Hubert Dunham
Batting: LHB Alexis Raimbault 0-0: Ball
1-0: Ball
2-0: Ball
3-0: Called Strike
3-1: Base on Balls
Maikel Cobblepot to third
Juan Villanueva to second
Batting: LHB Philip Strickland 0-0: Ground out 4-3 (Groundball, 34)
Top of the 5th over - 2 run(s), 3 hit(s), 0 error(s), 3 left on base; Myrtle Beach 3 - San Bernardino 0
BOTTOM OF THE 5TH
San Bernardino Grasshoppers batting - Pitching for Myrtle Beach Mermen : RHP José López
Batting: RHB Jorge Durán 0-0: Called Strike
0-1: Ball
1-1: Foul Ball, location: 2F
1-2: Strikes out looking
Batting: SHB Noel King 0-0: Ball
1-0: Ball
2-0: Ball
3-0: Called Strike
3-1: Base on Balls
Batting: RHB Francisco Rodríguez 0-0: Ball
1-0: Ball
2-0: Ball
3-0: Base on Balls
Noel King to second
Batting: RHB Jorge Estrada 0-0: Foul Ball, location: 2F
0-1: Swinging Strike
0-2: Ball
1-2: Ball
2-2: Fly out, F9 (Flyball, 9)
Batting: RHB Alwin Vreekamp 0-0: Ball
1-0: Ball
2-0: Ball
3-0: Swinging Strike
3-1: Base on Balls
Noel King to third
Francisco Rodríguez to second
Batting: RHB Jaime López 0-0: Foul Ball, location: 2F
0-1: Ball
1-1: Swinging Strike
1-2: Foul Ball, location: 2F
1-2: Strikes out swinging
Bottom of the 5th over - 0 run(s), 0 hit(s), 0 error(s), 3 left on base; Myrtle Beach 3 - San Bernardino 0
TOP OF THE 6TH
Myrtle Beach Mermen batting - Pitching for San Bernardino Grasshoppers : RHP Hubert Dunham
Batting: RHB Fernando Martínez 0-0: Ball
1-0: Ball
2-0: Fly out, F8 (Flyball, 8RS)
Batting: RHB Sal Haynes 0-0: Foul Ball, location: 2F
0-1: Ball
1-1: SINGLE (Line Drive, 6M)
Batting: SHB David Vázquez 0-0: Grounds into double play, 4-6-3 (Groundball, 4)
Top of the 6th over - 0 run(s), 1 hit(s), 0 error(s), 0 left on base; Myrtle Beach 3 - San Bernardino 0
BOTTOM OF THE 6TH
San Bernardino Grasshoppers batting - Pitching for Myrtle Beach Mermen : RHP José López
Batting: RHB Edgardo Bello 0-0: Foul Ball, location: 2F
0-1: Ball
1-1: Called Strike
1-2: Foul Ball, location: 2F
1-2: Ball
2-2: Ball
3-2: Fly out, F4 (Line Drive, 4)
Batting: RHB Martín Placido 0-0: Called Strike
0-1: Foul Ball, location: 2F
0-2: Ball
1-2: Ball
2-2: Ball
3-2: Base on Balls
Batting: LHB Jesús Reyes 0-0: Ball
1-0: Foul Ball, location: 2F
1-1: SINGLE (Line Drive, 4M)
Martín Placido to second
Batting: RHB Jorge Durán 0-0: Ball
1-0: Ball
2-0: Swinging Strike
2-1: Foul Ball, location: 2F
2-2: Foul Ball, location: 2F
2-2: Ball
3-2: Strikes out swinging
Batting: SHB Noel King 0-0: Ball
1-0: Foul Ball, location: 2F
1-1: Ball
2-1: Fly out, F7 (Flyball, 78S)
Bottom of the 6th over - 0 run(s), 1 hit(s), 0 error(s), 2 left on base; Myrtle Beach 3 - San Bernardino 0
TOP OF THE 7TH
Myrtle Beach Mermen batting - Pitching for San Bernardino Grasshoppers : RHP Hubert Dunham
Batting: RHB Sergio Pérez 0-0: Ball
1-0: Ball
2-0: SINGLE (Line Drive, 6D)
Batting: RHB Maikel Cobblepot 0-0: Called Strike
0-1: Ball
1-1: Ball
2-1: Called Strike
2-2: SINGLE (Line Drive, 7LS)
Sergio Pérez to second
Batting: LHB Juan Villanueva 0-0: Called Strike
0-1: Fielders Choice at 2nd, 4-6 (Groundball, 34)
Sergio Pérez to third
Batting: RHB Maik Palen 0-0: Fly out, F4 (Flyball, 34D)
Batting: LHB Alexis Raimbault 0-0: Fielders Choice at 2nd, 6-4 (Groundball, 6)
Top of the 7th over - 0 run(s), 2 hit(s), 0 error(s), 1 left on base; Myrtle Beach 3 - San Bernardino 0
BOTTOM OF THE 7TH
San Bernardino Grasshoppers batting - Pitching for Myrtle Beach Mermen : RHP José López
Batting: RHB Francisco Rodríguez 0-0: Called Strike
0-1: Ball
1-1: Ball
2-1: Ball
3-1: Base on Balls
Pitching: RHP Les Edwards
Batting: RHB Jorge Estrada 0-0: Ball
1-0: Called Strike
1-1: Foul Ball, location: 2F
1-2: Ball
2-2: Ball
3-2: Base on Balls
Francisco Rodríguez to second
Batting: RHB Alwin Vreekamp 0-0: Swinging Strike
0-1: Sac Bunt - play at first, batter OUT! 1-3
Francisco Rodríguez to third
Jorge Estrada to second
Batting: RHB Jaime López 0-0: Called Strike
0-1: Fly out, F8 (Flyball, 8RD)
Runner from 3rd tags up, SCORES, no throw
Jorge Estrada to third
Batting: RHB Edgardo Bello 0-0: Ball
1-0: Foul Ball, location: 2F
1-1: Foul Ball, location: 2F
1-2: Ground out 5-3 (Groundball, 56S)
Bottom of the 7th over - 1 run(s), 0 hit(s), 0 error(s), 1 left on base; Myrtle Beach 3 - San Bernardino 1
TOP OF THE 8TH
Myrtle Beach Mermen batting - Pitching for San Bernardino Grasshoppers : RHP Hubert Dunham
Batting: LHB Philip Strickland 0-0: Called Strike
0-1: Ball
1-1: Foul Ball, location: 2F
1-2: Ball
2-2: Ball
3-2: Ground out 3-1 (Groundball, 34)
Batting: RHB Fernando Martínez 0-0: Called Strike
0-1: Ball
1-1: Ball
2-1: Ball
3-1: Base on Balls
Batting: RHB Sal Haynes 0-0: Fly out, F3 (Popup, 3S)
Batting: SHB David Vázquez 0-0: Fly out, F8 (Flyball, 89M)
Top of the 8th over - 0 run(s), 0 hit(s), 0 error(s), 1 left on base; Myrtle Beach 3 - San Bernardino 1
BOTTOM OF THE 8TH
San Bernardino Grasshoppers batting - Pitching for Myrtle Beach Mermen : RHP Les Edwards
Batting: RHB Martín Placido 0-0: Foul Ball, location: 2F
0-1: Ball
1-1: Ball
2-1: Called Strike
2-2: Ball
3-2: Foul Ball, location: 2F
3-2: Foul Ball, location: 2F
3-2: Foul Ball, location: 2F
3-2: Fly out, F9 (Flyball, 9S)
Batting: LHB Jesús Reyes 0-0: Ground out 5-3 (Groundball, 56)
Batting: RHB Jorge Durán 0-0: Foul Ball, location: 2F
0-1: Swinging Strike
0-2: Strikes out swinging
Bottom of the 8th over - 0 run(s), 0 hit(s), 0 error(s), 0 left on base; Myrtle Beach 3 - San Bernardino 1
TOP OF THE 9TH
Myrtle Beach Mermen batting - Pitching for San Bernardino Grasshoppers : RHP Hubert Dunham
Pitching: RHP Bob Roth
Batting: RHB Sergio Pérez 0-0: Ball
1-0: Ball
2-0: Ball
3-0: Called Strike
3-1: Swinging Strike
3-2: Base on Balls
Batting: RHB Maikel Cobblepot 0-0: Ball
1-0: Called Strike
1-1: Grounds into double play, 5-4-3 (Groundball, 56)
Batting: LHB Juan Villanueva 0-0: Ball
1-0: Ball
2-0: Ball
3-0: Called Strike
3-1: Base on Balls
Batting: RHB Maik Palen 0-0: Ball
1-0: Ball
2-0: Called Strike
2-1: Called Strike
2-2: DOUBLE (Flyball, 78XD)
Juan Villanueva to third
Juan Villanueva scores
Batting: LHB Alexis Raimbault 0-0: Foul Ball, location: 2F
0-1: Foul Ball, location: 2F
0-2: Ball
1-2: Foul Ball, location: 2F
1-2: Fly out, F5 (Popup, 5S)
Top of the 9th over - 1 run(s), 1 hit(s), 0 error(s), 1 left on base; Myrtle Beach 4 - San Bernardino 1
BOTTOM OF THE 9TH
San Bernardino Grasshoppers batting - Pitching for Myrtle Beach Mermen : RHP Les Edwards
Pitching: RHP Burt Booth
Batting: SHB Noel King 0-0: Ball
1-0: Ground out 6-3 (Groundball, 6)
Batting: RHB Francisco Rodríguez 0-0: Called Strike
0-1: Bunt for hit - play at first, batter OUT! 1-3
Batting: RHB Jorge Estrada 0-0: Ball
1-0: Fly out, F9 (Flyball, 9S)
Bottom of the 9th over - 0 run(s), 0 hit(s), 0 error(s), 0 left on base; Myrtle Beach 4 - San Bernardino 1
Saturday, May 26th, 2018 - OOTP Baseball 17.12 Build 75